 Dungeon Crawl Stone Soup version 0.18-a0-1186-gd02dc51 (webtiles) character file.

146 Kidiri the Conjurer (level 5, -2/29 HPs)
             Began as a Deep Elf Conjurer on Jan 28, 2016.
             Slain by an orc
             ... wielding a +0 dagger
              (3 damage)
             ... on level 3 of the Dungeon.
             The game lasted 00:07:28 (2790 turns).

Kidiri the Conjurer (Deep Elf Conjurer)             Turns: 2790, Time: 00:07:29

Health: -2/29      AC:  4    Str:  5    XL:     5   Next: 7%
Magic:  6/13       EV: 12    Int: 21    God:
Gold:   98         SH:  0    Dex: 15    Spells: 4 memorised, 2 levels left

rFire  . . .     SeeInvis +     e - +2 dagger (pain)
rCold  . . .     Gourm    .     i - +1 leather armour
rNeg   . . .     Faith    .     (no shield)
rPois  .         Spirit   .     (no helmet)
rElec  .         Dismiss  .     (no cloak)
rCorr  .         Reflect  .     (no gloves)
SustAt +         Harm     .     (no boots)
MR     .....                    (no amulet)
Stlth  ++........               g - ring of see invisible
                                f - ring of sustain attributes

@: very slightly contaminated, not resistant to hostile enchantments, unstealthy
A: no striking features
a: no special abilities


You were on level 3 of the Dungeon.
You were not hungry.

You visited 1 branch of the dungeon, and saw 3 of its levels.

You collected 98 gold pieces.

Inventory:

Hand Weapons
 e - a +2 dagger of pain (weapon)
Missiles
 k - 6 javelins of returning (quivered)
Armour
 a - a +0 robe
 i - a +1 leather armour (worn)
Jewellery
 f - a ring of sustain attributes (left hand)
 g - a ring of see invisible (right hand)
Scrolls
 h - 2 scrolls of remove curse {unknown}
 n - a scroll of fear
 o - a scroll of identify {unknown}
Potions
 d - a potion of heal wounds {unknown}
 j - a potion of ambrosia {unknown}
 l - a potion of curing
Books
 b - a book of Conjurations

   Spells                             Type                      Level
   a - Magic Dart                     Conjuration                  1
   b - Searing Ray                    Conjuration                  2
   c - Dazzling Spray                 Conjuration/Hexes            3
   d - Fulminant Prism                Conjuration/Hexes            4
   e - Iskenderun's Mystic Blast      Conjuration                  4
   f - Iskenderun's Battlesphere      Conjuration/Charms           5
Comestibles
 c - 2 bread rations
 m - 2 meat rations
 p - 4 chunks of flesh


   Skills:
 + Level 1.0 Fighting
 + Level 1.2 Armour
 * Level 3.2 Dodging
 + Level 3.3 Stealth
 * Level 4.1 Spellcasting
 * Level 5.0 Conjurations
 + Level 1.5 Hexes


You had 2 spell levels left.
You knew the following spells:

 Your Spells              Type           Power        Failure   Level  Hunger
a - Magic Dart            Conj           ####         2%          1    None
b - Searing Ray           Conj           ####..       3%          2    #......
c - Dazzling Spray        Conj/Hex       ###.....     17%         3    ###....
d - Iskenderun's Mystic   Conj           ####....     24%         4    ####...


Dungeon Overview and Level Annotations

Branches:
Dungeon (3/15)

Altars:
Ashenzari
Nemelex Xobeh


Message History

Something smites you!
* * * LOW HITPOINT WARNING * * *
The orc shouts!
An orc comes into view. It is wielding a hand axe.
You see here a dagger.
Casting: Magic Dart
Confirm with . or Enter, or press ? or * to list all spells.
Aiming: Dazzling Spray
Press: ? - help, Shift-Dir - straight line, p - orc
Okay, then.
Casting: Dazzling Spray
Confirm with . or Enter, or press ? or * to list all spells.
Aiming: Dazzling Spray
Press: ? - help, Shift-Dir - straight line, f - orc priest, p - orc
Aim: an orc priest, wielding a dagger and wearing a leather armour You miscast Dazzling Spray.
You are very lightly contaminated with residual magic.
Your skin glows momentarily.
The orc barely misses you. The orc hits you with a dagger.
You die...

...#.......#.#.
#............
#........##.# +#
##........##.# .######
#............. ...o...
#####.#.#.#.##.# .....
.............#.# ..o#
##+##.###.#.##.##o..#.#.
#...#.###.#...%.@o...o..
'...+.......##..oo..#.#.
#...##############.o....
#...# ..#.#. #...# .# #
##### .. .. ...


You could see an orc priest and 7 orcs.

Vanquished Creatures
  A jelly (D:3)
  4 adders (D:2)
  4 oozes
  2 worms (D:2)
  2 giant geckos
  2 orcs (D:3)
  8 bats
  3 giant cockroaches
  9 goblins
  4 hobgoblins
  A jackal (D:1)
  5 kobolds
  3 ball pythons
  2 giant newts
  3 rats
53 creatures vanquished.

Notes
Turn   | Place    | Note
--------------------------------------------------------------
     0 | D:1      | Kidiri the Deep Elf Conjurer began the quest for the Orb.
     0 | D:1      | Reached XP level 1. HP: 10/10 MP: 6/6
    76 | D:1      | Reached XP level 2. HP: 15/15 MP: 5/8
    80 | D:1      | Learned a level 2 spell: Searing Ray
   574 | D:1      | Reached XP level 3. HP: 19/19 MP: 4/9
   581 | D:1      | Learned a level 3 spell: Dazzling Spray
  1316 | D:2      | Found a shattered altar of Ashenzari.
  1481 | D:2      | Reached skill level 1 in Hexes
  1535 | D:2      | Reached skill level 5 in Conjurations
  1535 | D:2      | Reached XP level 4. HP: 24/24 MP: 7/11
  1541 | D:2      | Learned a level 4 spell: Iskenderun's Mystic Blast
  1805 | D:2      | Reached skill level 1 in Armour
  2534 | D:3      | Found a sparkling altar of Nemelex Xobeh.
  2761 | D:3      | Reached skill level 1 in Fighting
  2761 | D:3      | Reached XP level 5. HP: 27/29 MP: 8/13
  2789 | D:3      | HP: 1/29 [orc priest/divine providence (13)]
  2790 | D:3      | Slain by an orc

Vault maps used:
D:1:      erik_arrival_gehennom
D:2:      nicolae_overflow_crystal_walls, supply_closet_lemuel
D:3:      lemuel_round_altar

Action                   |  1- 3 |  4- 6 || total
-------------------------+-------+-------++-------
Melee: Dagger            |     6 |    11 ||    17
 Cast: Magic Dart        |    57 |    40 ||    97
       Dazzling Spray    |       |     2 ||     2
  Use: Scroll            |     3 |       ||     3
       Potion            |     2 |       ||     2
 Stab: Sleeping          |     2 |       ||     2
       Invisible         |       |     1 ||     1
  Eat: Meat ration       |     1 |       ||     1
       Chunk             |       |     1 ||     1
